 Dungeon Crawl Stone Soup version 0.19-a0-1254-gb9c29c0 (webtiles) character file.

35 Duffy the Chucker (level 3, 0/37 HPs)
             Began as an Ogre Hunter on Aug 27, 2016.
             Killed from afar by a white imp (11 damage)
             ... with a puff of frost
             ... summoned by Natasha
             ... on level 2 of the Dungeon.
             The game lasted 00:02:42 (1669 turns).

Duffy the Chucker (Ogre Hunter)                     Turns: 1669, Time: 00:02:43

Health: 0/37       AC:  3    Str: 17    XL:     3   Next: 35%
Magic:  3/3        EV: 10    Int: 10    God:
Gold:   58         SH:  0    Dex: 11    Spells: 0 memorised, 2 levels left

rFire  . . .     SeeInvis +     i - +0 mace
rCold  . . .     Gourm    .     b - +0 robe
rNeg   . . .     Faith    .     (no shield)
rPois  .         Spirit   .     (helmet restricted)
rElec  .         Dismiss  .     (no cloak)
rCorr  .         Reflect  .     (gloves unavailable)
MR     .....     Harm     .     (boots unavailable)
Stlth  +.........               m - amulet of rage
                                (no ring)
                                h - ring of see invisible

@: slowed, very slow
A: unfitting armour, tough skin 1
a: Evoke Berserk Rage


You were on level 2 of the Dungeon.
You were very hungry.

You visited 1 branch of the dungeon, and saw 2 of its levels.

You collected 58 gold pieces.

Inventory:

Hand Weapons
 a - a +0 short sword
 i - a +0 mace (weapon)
 j - a +0 club
 l - a +0 whip
Missiles
 d - 2 throwing nets (quivered)
Armour
 b - a +0 robe (worn)
Jewellery
 h - a ring of see invisible (left hand)
 m - an amulet of rage (around neck)
Wands
 n - a wand of enslavement (12/24)
Scrolls
 e - 3 scrolls of remove curse {unknown}
Potions
 k - a potion of cure mutation {unknown}
Comestibles
 f - 2 bread rations
 g - a meat ration


   Skills:
 - Level 3.4 Fighting
 + Level 1.3 Maces & Flails
 - Level 4.2 Throwing
 - Level 2.0 Dodging
 - Level 1.2 Stealth
 + Level 0.1 Evocations


You had 2 spell levels left.
You didn't know any spells.

Dungeon Overview and Level Annotations

Branches:
Dungeon (2/15)

Altars:

Annotations:
D:2 Natasha


Innate Abilities, Weirdness & Mutations

You are too large for most types of armour.
You have tough skin. (AC +1)


Message History

You throw a large rock. The large rock closely misses Natasha.
Natasha claws you! Natasha claws you.
Throwing (i - inventory. (,) - cycle):
c - 2 large rocks (quivered)
Press: ? - help, Shift-Dir - straight line, f/p - Natasha
Aim: Natasha (moderately wounded)
You throw a large rock. The large rock hits Natasha.
Natasha is severely wounded.
Natasha mumbles some strange words.
Natasha stares at you and mumbles some strange words.
You feel yourself slow down.
Throwing (i - inventory. (,) - cycle):
c - a large rock (quivered)
Press: ? - help, Shift-Dir - straight line, f/p - Natasha
Aim: Natasha (severely wounded)
You throw a large rock.
The large rock completely misses Natasha.
Natasha casts a spell at you. The magic dart hits you!
The white imp gestures at you. The puff of frost hits you!
You die...

#.......#....##...#
#.#..##>#.##.##...####
#.#).#..<..#.##.......
#.#..#..#..#.##....###
#.#(.#.....#.##....# ##
#...>#..#..........#
...####..........#.....#
.....#5.##.....<......#
#....@.....#.#.....#
###.h####..###.....#
#######..#.....#.......#
#.......(#.#..##.#.###.#
#.####...# ##.#..... .#
#.# #........#...## ##
#<# #.##.##..#... ###
### .....#.#. ..#.## #.


You could see Natasha and a white imp.

Vanquished Creatures
  An ooze (D:1)
  A dart slug (D:1)
  2 giant geckos (D:1)
  2 bats (D:1)
  A giant cockroach (D:1)
  4 goblins
  4 hobgoblins (D:1)
  4 kobolds
  2 giant newts (D:1)
  4 rats (D:1)
25 creatures vanquished.

Notes
Turn   | Place    | Note
-------+----------+-------------------------------------------
     0 | D:1      | Duffy the Ogre Hunter began the quest for the Orb.
     0 | D:1      | Reached XP level 1. HP: 22/22 MP: 1/1
    87 | D:1      | Reached skill level 1 in Stealth
    87 | D:1      | Reached XP level 2. HP: 31/31 MP: 2/2
   710 | D:1      | Reached skill level 1 in Maces & Flails
   789 | D:1      | Reached XP level 3. HP: 37/37 MP: 3/3
  1520 | D:2      | Noticed Natasha
  1669 | D:2      | Killed from afar by a white imp

Vault maps used:
D:1:      saegor_arrival_simple_d
D:2:      uniq_natasha, uniq_crazy_yiuf_cottage, uniq_iyjb

Skill      XL: |  1  2 |
---------------+-------+-----
Fighting       | 3 |  3.4
Stealth        | 1 |  1.2
Dodging        | 2 |  2.0
Maces & Flails | 1 |  1.3
Throwing       | |  4.2
Evocations     | |  0.1

Action                   || total
-------------------------++-------
Melee: Short sword       ||    44
       Whip              ||    33
       Mace              ||    16
Throw: Large rock        ||     5
 Stab: Sleeping          ||     2
  Eat: Chunk             ||     1
Armor: Robe              ||    21
Dodge: Dodged            ||    35
